Bruins vs Sabres

Created - Thursday, October 16, 2014 at 20:50

Goals
1 2 3 OT1 SO T
Bruins 0 1 0 0 0 1
Sabres 1 0 0 0 1 2
Shots
1 2 3 OT1 SO T
Bruins 12 12 15 5 6 44
Sabres 5 12 7 4 6 28

1st period

1. Sabres , Alec Martinez 1 (Tyler Myers, Henrik Zetterberg) at 4:26 (PP)

Penalties :
Paul Stastny (Bos) for Hooking (Minor) at 4:09, Will Acton (Buf) for Roughing (Minor) at 11:45, Ryan Smyth (Bos) for Elbowing (Minor) at 14:26, Tyler Myers (Buf) for Hooking (Minor) at 15:17, Sidney Crosby (Buf) for Hooking (Minor) at 18:14

2nd period

2. Bruins , Ryan O'Reilly 5 (Shea Weber, Marian Hossa) at 17:48

Penalties :
No Penalty

3rd period

No Goal

Penalties :
Alec Martinez (Buf) for Holding (Minor) at 12:18, Sidney Crosby (Buf) for Holding (Minor) at 19:42

Overtime #1

No Goal

Penalties :
No Penalty

Shootout

Penalty Shot by T.J. Oshie for Bruins - Shot Misses the Net
Penalty Shot by Steven Stamkos for Sabres - Stopped by Jonathan Quick
Penalty Shot by Ryan O'Reilly for Bruins - Stopped by Evgeni Nabokov
Penalty Shot by Sidney Crosby for Sabres - Shot Misses the Net
Penalty Shot by Matt Duchene for Bruins - Shot Misses the Net
Penalty Shot by Blake Wheeler for Sabres - Shot Misses the Net
Penalty Shot by Ryan Smyth for Bruins - Stopped by Evgeni Nabokov
Penalty Shot by Chris Higgins for Sabres - Stopped by Jonathan Quick
Penalty Shot by Valeri Nichushkin for Bruins - Stopped by Evgeni Nabokov
Penalty Shot by Henrik Zetterberg for Sabres - Stopped by Jonathan Quick
Penalty Shot by Jesse Winchester for Bruins - Stopped by Evgeni Nabokov
Penalty Shot by Alec Martinez for Sabres - Goal!

Penalties :
No Penalty

Goalie Stats

Jonathan Quick (Bos), 27 saves from 28 shots - (0.964), OTL, 4-2-1, 65:00 minutes
Evgeni Nabokov (Buf), 43 saves from 44 shots - (0.977), W, 2-0-0, 65:00 minutes

Players Stats for Bruins

Player Name              G  A  P  +/- PIM S  H  SB GA TA FO     MP     PP MP  PK MP  
------------------------------------------------------------------------------------
Andre Benoit             0  0  0   0  0   0  1  1  0  1  0/0    12:43   1:21   0:00 
Brenden Dillon           0  0  0   0  0   0  2  3  0  1  0/0    20:16   0:00   0:51 
Jeff Petry               0  0  0   1  0   2  1  1  0  5  0/0    20:52   0:08   0:17 
Jesse Winchester         0  0  0   0  0   1  0  0  1  0  2/5     6:53   0:22   0:00 
Jonas Brodin             0  0  0   0  0   1  1  1  0  1  0/0    20:16   0:00   0:51 
Marian Hossa             0  1  1   1  0   2  1  0  3  1  0/2    24:42   3:01   0:00 
Matt Duchene             0  0  0   1  0   6  0  0  2  0  9/19   24:53   3:12   0:00 
Nick Holden              0  0  0   0  0   1  2  0  0  0  0/0    12:28   6:03   0:00 
Paul Stastny             0  0  0   0  2   4  3  0  1  0  12/17  19:58   4:04   0:00 
Radko Gudas              0  0  0   0  0   1  1  3  0  2  0/0    15:36   0:00   0:17 
Ryan O'Reilly            1  0  1   1  0   1  0  0  0  0  0/0    20:27   2:53   0:00 
Ryan Smyth               0  0  0   0  2   6  3  0  4  0  0/3    12:30   0:08   0:00 
Shea Weber               0  1  1   1  0   5  2  4  0  0  0/0    26:53   5:44   0:00 
T.J. Oshie               0  0  0   0  0   4  1  0  4  1  0/0    19:59   4:04   0:00 
Tom Wilson               0  0  0   0  0   0  2  1  3  0  0/0     6:31   0:00   0:00 
Tommy Wingels            0  0  0   0  0   4  1  0  1  1  0/2    19:34   0:18   1:08 
Valeri Nichushkin        0  0  0   0  0   2  1  0  1  0  0/1    20:37   4:07   0:00 
Zemgus Girgensons        0  0  0   0  0   4  0  1  2  0  1/6    12:29   0:00   1:08 

Players Stats for Sabres

Player Name              G  A  P  +/- PIM S  H  SB GA TA FO     MP     PP MP  PK MP  
------------------------------------------------------------------------------------
Alec Martinez            1  0  1   0  2   4  1  1  1  1  0/0    15:48   0:32   0:00 
Alex Pietrangelo         0  0  0  -1  0   1  1  4  2  0  0/0    27:12   0:36   4:32 
Blake Wheeler            0  0  0   0  0   0  1  0  2  2  1/1    16:57   0:00   0:00 
Brooks Orpik             0  0  0  -1  0   1  0  1  0  2  0/0    21:01   0:00   3:41 
Chris Higgins            0  0  0   0  0   3  2  0  1  0  0/0    14:56   0:00   3:28 
Daniel Paille            0  0  0   0  0   3  0  1  2  0  0/1    11:06   0:09   0:30 
Dany Heatley             0  0  0  -1  0   0  1  1  0  0  0/0    14:02   0:09   0:00 
Dwight King              0  0  0   0  0   0  1  0  0  0  0/0    11:05   0:00   0:00 
Gustav Nyquist           0  0  0   0  0   0  0  1  0  0  0/0     2:00   0:00   0:00 
Henrik Zetterberg        0  1  1  -1  0   5  0  0  3  0  1/2    17:29   0:59   0:53 
Jay Bouwmeester          0  0  0   0  0   4  2  2  1  6  0/0    29:36   0:36   5:06 
Marc-Andre Cliche        0  0  0   0  0   1  0  2  0  0  0/0    14:37   0:00   3:29 
Matt Stajan              0  0  0   0  0   1  4  0  2  0  3/7    20:13   0:09   4:22 
Sidney Crosby            0  0  0   0  4   3  1  0  2  0  10/18  20:52   0:59   0:08 
Stephane Robidas         0  0  0   0  0   0  0  1  0  1  0/0    12:38   0:00   0:00 
Steven Stamkos           0  0  0  -1  0   2  0  0  1  0  7/11   21:24   0:59   0:00 
Tyler Myers              0  1  1   0  2   0  0  0  2  0  0/0    24:18   0:31   4:15 
Will Acton               0  0  0   0  2   0  2  0  0  1  9/15   14:41   0:00   3:02 

3 Stars

1 - Evgeni Nabokov (Buf)
2 - Jonathan Quick (Bos)
3 - Ryan O'Reilly (Bos)

Power Play

Bruins - 0 on 5 Attempt(s) - 0.00%
Sabres - 1 on 2 Attempt(s) - 50.00%

Penalty Kill

Bruins - 1 on 2 Attempt(s) - 50.00% - Score 0 goal in Penalty Kill
Sabres - 5 on 5 Attempt(s) - 100.00% - Score 0 goal in Penalty Kill

Official

Referees : Unknown
Linesman : Unknown

Game Notes

Gustav Nyquist is injured at 5:24 of 1st period (Strained Left Knee)

Finance

Level 1 -- Attendance: 6000 (100.00%) -- Ticket Income $474,000
Level 2 -- Attendance: 4670 (93.40%) -- Ticket Income $219,490
Level 3 -- Attendance: 1930 (96.50%) -- Ticket Income $57,900
Level 4 -- Attendance: 4000 (100.00%) -- Ticket Income $60,000
Luxury Box -- Attendance: 979 (97.90%) -- Ticket Income $176,220
Game was played at the HSBC Arena
Total Attendance: 17579 (97.66%)
Total Ticket Income: $987,610
Other Income: $483,929
Total Income: $1,471,539

Bruins

5 vs 5 Forward 
   Center                   Left Wing                Right Wing               Time % Phy DF OF 
 1 Matt Duchene             Ryan O'Reilly            Marian Hossa             40     1   2  2  
 2 Paul Stastny             Valeri Nichushkin        T.J. Oshie               30     1   2  2  
 3 Zemgus Girgensons        Ryan Smyth               Tommy Wingels            20     1   2  2  
 4 Jesse Winchester         Tommy Wingels            Tom Wilson               10     2   2  1  

5 vs 5 Defense 
   Defense                  Defense                                           Time % Phy DF OF 
 1 Shea Weber               Jeff Petry                                        40     1   2  2  
 2 Brenden Dillon           Jonas Brodin                                      30     1   2  2  
 3 Radko Gudas              Andre Benoit                                      20     1   2  2  
 4 Nick Holden              Radko Gudas                                       10     1   2  2  

PowerPlay Forward 
   Center                   Left Wing                Right Wing               Time % Phy DF OF 
 1 Matt Duchene             Ryan O'Reilly            Marian Hossa             60     1   0  4  
 2 Paul Stastny             Valeri Nichushkin        T.J. Oshie               40     1   0  4  

PowerPlay Defense
   Defense                  Defense                                           Time % Phy DF OF 
 1 Shea Weber               Nick Holden                                       60     1   1  3  
 2 Shea Weber               Matt Duchene                                      40     1   1  3  

Penalty Kill 4 Players Forward 
   Center                   Wing                     Time % Phy DF OF 
 1 Zemgus Girgensons        Tommy Wingels            60     1   3  1  
 2 Jesse Winchester         Ryan Smyth               40     1   3  1  

Penalty Kill 4 Players Defense
   Defense                  Defense                  Time % Phy DF OF 
 1 Brenden Dillon           Jonas Brodin             50     1   3  1  
 2 Jeff Petry               Radko Gudas              50     1   3  1  

Penalty Kill - 3 Players Forward 
   Forward                                           Time % Phy DF OF 
 1 Zemgus Girgensons                                 60     1   4  0  
 2 Jesse Winchester                                  40     1   4  0  

Penalty Kill - 3 Players Defense
   Defense                  Defense                  Time % Phy DF OF 
 1 Jonas Brodin             Brenden Dillon           55     1   4  0  
 2 Jeff Petry               Radko Gudas              45     1   4  0  

4 vs 4 Forward 
   Center                   Wing                     Time % Phy DF OF 
 1 Matt Duchene             Marian Hossa             60     1   1  3  
 2 Paul Stastny             T.J. Oshie               40     1   2  2  

4 vs 4 Defense
   Defense                  Defense                  Time % Phy DF OF 
 1 Shea Weber               Jeff Petry               60     1   2  2  
 2 Brenden Dillon           Jonas Brodin             40     1   2  2  

Last Minutes Offensive
   Center                   Left Wing                Right Wing               Defense                  Defense                  
   Matt Duchene             Ryan O'Reilly            Marian Hossa             Shea Weber               Nick Holden              

Last Minutes Defensive
   Center                   Left Wing                Right Wing               Defense                  Defense                  
   Ryan O'Reilly            Zemgus Girgensons        Marian Hossa             Shea Weber               Jeff Petry               

Goaltenders
Starting : Jonathan Quick           
Backup : Peter Budaj              

Extra Forwards
Normal : Valeri Nichushkin, Tommy Wingels, Ryan Smyth - PP : Valeri Nichushkin, Tommy Wingels - PK : Paul Stastny
Extra Defensemen
Normal : Radko Gudas, Andre Benoit, Nick Holden - PP : Andre Benoit - PK : Andre Benoit, Nick Holden
Penalty Shots
T.J. Oshie, Ryan O'Reilly, Matt Duchene, Ryan Smyth, Valeri Nichushkin

Sabres

5 vs 5 Forward 
   Center                   Left Wing                Right Wing               Time % Phy DF OF 
 1 Sidney Crosby            Gustav Nyquist           Blake Wheeler            40     1   1  3  
 2 Steven Stamkos           Henrik Zetterberg        Dany Heatley             36     0   1  4  
 3 Matt Stajan              Dwight King              Chris Higgins            16     1   2  2  
 4 Will Acton               Daniel Paille            Marc-Andre Cliche        8      2   2  1  

5 vs 5 Defense 
   Defense                  Defense                                           Time % Phy DF OF 
 1 Brooks Orpik             Alex Pietrangelo                                  35     1   3  1  
 2 Jay Bouwmeester          Tyler Myers                                       35     1   2  2  
 3 Alec Martinez            Stephane Robidas                                  20     1   4  0  
 4 Jay Bouwmeester          Alex Pietrangelo                                  10     1   1  3  

PowerPlay Forward 
   Center                   Left Wing                Right Wing               Time % Phy DF OF 
 1 Sidney Crosby            Henrik Zetterberg        Steven Stamkos           60     0   0  5  
 2 Matt Stajan              Gustav Nyquist           Dany Heatley             40     0   0  5  

PowerPlay Defense
   Defense                  Defense                                           Time % Phy DF OF 
 1 Jay Bouwmeester          Alex Pietrangelo                                  60     0   2  3  
 2 Alec Martinez            Tyler Myers                                       40     0   2  3  

Penalty Kill 4 Players Forward 
   Center                   Wing                     Time % Phy DF OF 
 1 Matt Stajan              Marc-Andre Cliche        50     1   4  0  
 2 Will Acton               Chris Higgins            50     2   3  0  

Penalty Kill 4 Players Defense
   Defense                  Defense                  Time % Phy DF OF 
 1 Brooks Orpik             Alex Pietrangelo         50     1   4  0  
 2 Jay Bouwmeester          Tyler Myers              50     1   4  0  

Penalty Kill - 3 Players Forward 
   Forward                                           Time % Phy DF OF 
 1 Matt Stajan                                       50     1   2  2  
 2 Will Acton                                        50     1   2  2  

Penalty Kill - 3 Players Defense
   Defense                  Defense                  Time % Phy DF OF 
 1 Brooks Orpik             Alex Pietrangelo         50     1   4  0  
 2 Jay Bouwmeester          Tyler Myers              50     1   4  0  

4 vs 4 Forward 
   Center                   Wing                     Time % Phy DF OF 
 1 Sidney Crosby            Gustav Nyquist           50     0   1  4  
 2 Steven Stamkos           Henrik Zetterberg        50     1   1  3  

4 vs 4 Defense
   Defense                  Defense                  Time % Phy DF OF 
 1 Jay Bouwmeester          Alex Pietrangelo         50     1   2  2  
 2 Alec Martinez            Tyler Myers              50     1   2  2  

Last Minutes Offensive
   Center                   Left Wing                Right Wing               Defense                  Defense                  
   Sidney Crosby            Henrik Zetterberg        Steven Stamkos           Jay Bouwmeester          Alex Pietrangelo         

Last Minutes Defensive
   Center                   Left Wing                Right Wing               Defense                  Defense                  
   Matt Stajan              Dwight King              Marc-Andre Cliche        Brooks Orpik             Alex Pietrangelo         

Goaltenders
Starting : Evgeni Nabokov           
Backup : Josh Harding             

Extra Forwards
Normal : Steven Stamkos, Henrik Zetterberg, Matt Stajan - PP : Dany Heatley, Steven Stamkos - PK : Daniel Paille
Extra Defensemen
Normal : Jay Bouwmeester, Stephane Robidas, Alex Pietrangelo - PP : Stephane Robidas - PK : Stephane Robidas, Alec Martinez
Penalty Shots
Steven Stamkos, Sidney Crosby, Blake Wheeler, Gustav Nyquist, Henrik Zetterberg

% Time on Ice - Bruins

Lines # - Real PCT - Wanted PCT - Time Play
Normal Forward
1 - 35% - 40% - 17:34
2 - 30% - 30% - 15:13
3 - 22% - 20% - 11:21
4 - 13% - 10% - 6:31
Normal Defense
1 - 36% - 40% - 18:12
2 - 34% - 30% - 17:07
3 - 21% - 20% - 10:29
4 - 10% - 10% - 4:51
PP Forward
1 - 43% - 60% - 3:01
2 - 57% - 40% - 4:04
PP Defense
1 - 87% - 60% - 6:11
2 - 13% - 40% - 0:54
PK Forward
1 - 100% - 60% - 1:08
2 - 0% - 40% - 0:00
PK Defense
1 - 75% - 50% - 0:51
2 - 25% - 50% - 0:17
PK3 Forward
1 - 0% - 60%
2 - 0% - 40%
PK3 Defense
1 - 0% - 55%
2 - 0% - 45%
44 Forward
1 - 88% - 60% - 5:25
2 - 12% - 40% - 0:43
44 Defense
1 - 63% - 60% - 3:50
2 - 38% - 40% - 2:18
Last Minute Offensive  - 0:00
Last Minute Defensive  - 0:00
Total
Forward - 65:00
Defense - 65:00

% Time on Ice - Sabres

Lines # - Real PCT - Wanted PCT - Time Play
Normal Forward
1 - 35% - 40% - 17:39
2 - 23% - 36% - 11:28
3 - 22% - 16% - 11:05
4 - 21% - 8% - 10:27
Normal Defense
1 - 35% - 35% - 17:34
2 - 34% - 35% - 17:24
3 - 25% - 20% - 12:38
4 - 6% - 10% - 3:03
PP Forward
1 - 87% - 60% - 0:59
2 - 13% - 40% - 0:09
PP Defense
1 - 53% - 60% - 0:36
2 - 47% - 40% - 0:32
PK Forward
1 - 51% - 50% - 3:37
2 - 49% - 50% - 3:28
PK Defense
1 - 49% - 50% - 3:28
2 - 51% - 50% - 3:37
PK3 Forward
1 - 52% - 50% - 0:53
2 - 48% - 50% - 0:49
PK3 Defense
1 - 63% - 50% - 1:04
2 - 37% - 50% - 0:38
44 Forward
1 - 59% - 50% - 2:36
2 - 41% - 50% - 1:50
44 Defense
1 - 33% - 50% - 1:28
2 - 67% - 50% - 2:58
Last Minute Offensive  - 0:00
Last Minute Defensive  - 0:00
Total
Forward - 65:00
Defense - 65:00

Play by Play

1st period


0:01 of 1st period - Sidney Crosby wins face-off versus Matt Duchene in neutral zone.
0:04 of 1st period - Snap shot by Blake Wheeler.
0:04 of 1st period - Shot Misses the Net.
0:55 of 1st period - Jeff Petry is hit by Dany Heatley and loses puck.
1:02 of 1st period - Brooks Orpik is hit by Paul Stastny and loses puck.
1:57 of 1st period - Wrist shot by Ryan Smyth.
1:57 of 1st period - Stopped by Evgeni Nabokov with a rebound.
1:59 of 1st period - Wrist shot by Ryan Smyth.
1:59 of 1st period - Shot Misses the Net.
2:01 of 1st period - Slapshot by Tommy Wingels.
2:01 of 1st period - Shot Misses the Net.
4:09 of 1st period - Minor Penalty to Paul Stastny for Hooking.
4:10 of 1st period - Zemgus Girgensons wins face-off versus Sidney Crosby in Bruins zone.
4:10 of 1st period - Zemgus Girgensons is hit by Alec Martinez.
4:22 of 1st period - Snap shot by Henrik Zetterberg.
4:22 of 1st period - Stopped by Jonathan Quick with a rebound.
4:24 of 1st period - Slapshot by Tyler Myers.
4:24 of 1st period - Shot Misses the Net.
4:26 of 1st period - Slapshot by Alec Martinez.
4:26 of 1st period - Goal by Alec Martinez - Bruins : 0 - Sabres : 1.
4:27 of 1st period - Will Acton wins face-off versus Marian Hossa in neutral zone.
4:42 of 1st period - Slapshot by Jeff Petry.
4:42 of 1st period - Stopped by Evgeni Nabokov with a rebound.
4:44 of 1st period - Slapshot by Jeff Petry.
4:44 of 1st period - Shot Blocked by Daniel Paille.
4:46 of 1st period - Slapshot by Shea Weber.
4:46 of 1st period - Shot Hit the Post.
4:48 of 1st period - Slapshot by Shea Weber.
4:48 of 1st period - Stopped by Evgeni Nabokov without a rebound.
4:49 of 1st period - Paul Stastny wins face-off versus Sidney Crosby in Sabres zone.
5:02 of 1st period - Snap shot by T.J. Oshie.
5:02 of 1st period - Shot Blocked by Jay Bouwmeester.
5:14 of 1st period - Snap shot by Paul Stastny.
5:14 of 1st period - Shot Misses the Net.
5:22 of 1st period - Wrist shot by T.J. Oshie.
5:22 of 1st period - Shot Misses the Net.
5:24 of 1st period - Slapshot by Radko Gudas.
5:24 of 1st period - Shot Blocked by Gustav Nyquist.
5:24 of 1st period - Gustav Nyquist from Sabres is injured at 5:24 of 1st period (Strained Left Knee).
5:25 of 1st period - Steven Stamkos wins face-off versus Matt Duchene in Sabres zone.
5:53 of 1st period - Slapshot by Steven Stamkos.
5:53 of 1st period - Stopped by Jonathan Quick with a rebound.
6:15 of 1st period - Slapshot by Shea Weber.
6:15 of 1st period - Stopped by Evgeni Nabokov with a rebound.
6:39 of 1st period - Wrist shot by Zemgus Girgensons.
6:39 of 1st period - Stopped by Evgeni Nabokov with a rebound.
6:41 of 1st period - Snap shot by Ryan Smyth.
6:41 of 1st period - Stopped by Evgeni Nabokov with a rebound.
6:43 of 1st period - Snap shot by Ryan Smyth.
6:43 of 1st period - Stopped by Evgeni Nabokov with a rebound.
6:45 of 1st period - Slapshot by Jonas Brodin.
6:45 of 1st period - Stopped by Evgeni Nabokov with a rebound.
7:03 of 1st period - Slapshot by Paul Stastny.
7:03 of 1st period - Shot Misses the Net.
7:52 of 1st period - Off-side.
7:53 of 1st period - Matt Duchene wins face-off versus Steven Stamkos in neutral zone.
8:06 of 1st period - Wrist shot by Marian Hossa.
8:06 of 1st period - Shot Misses the Net.
8:08 of 1st period - Slapshot by Jeff Petry.
8:08 of 1st period - Shot Misses the Net.
8:40 of 1st period - Wrist shot by Shea Weber.
8:40 of 1st period - Stopped by Evgeni Nabokov without a rebound.
8:41 of 1st period - Will Acton wins face-off versus Ryan Smyth in Sabres zone.
8:53 of 1st period - Off-side.
8:54 of 1st period - Will Acton wins face-off versus Ryan Smyth in neutral zone.
8:57 of 1st period - Slapshot by Alex Pietrangelo.
8:57 of 1st period - Shot Blocked by Radko Gudas.
9:17 of 1st period - Slapshot by Andre Benoit.
9:17 of 1st period - Shot Blocked by Brooks Orpik.
9:46 of 1st period - Snap shot by Steven Stamkos.
9:46 of 1st period - Deflect By Henrik Zetterberg.
9:46 of 1st period - Shot Misses the Net.
9:46 of 1st period - Puck is out of play.
9:47 of 1st period - Henrik Zetterberg wins face-off versus Paul Stastny in Bruins zone.
9:56 of 1st period - Wrist shot by Steven Stamkos.
9:56 of 1st period - Stopped by Jonathan Quick without a rebound.
9:57 of 1st period - Matt Stajan wins face-off versus Marian Hossa in Bruins zone.
10:41 of 1st period - Wrist shot by Sidney Crosby.
10:41 of 1st period - Stopped by Jonathan Quick with a rebound.
10:43 of 1st period - Slapshot by Stephane Robidas.
10:43 of 1st period - Shot Blocked by Shea Weber.
10:45 of 1st period - Slapshot by Alec Martinez.
10:45 of 1st period - Shot Misses the Net.
11:45 of 1st period - Minor Penalty to Will Acton for Roughing.
11:46 of 1st period - Paul Stastny wins face-off versus Daniel Paille in Sabres zone.
12:26 of 1st period - Matt Stajan is hit by Shea Weber and loses puck.
12:53 of 1st period - Wrist shot by Paul Stastny.
12:53 of 1st period - Stopped by Evgeni Nabokov without a rebound.
12:54 of 1st period - Paul Stastny wins face-off versus Henrik Zetterberg in Sabres zone.
13:17 of 1st period - Brooks Orpik is hit by Nick Holden and loses puck.
13:45 of 1st period - Penalty to Will Acton is over, Will Acton is back on ice.
13:52 of 1st period - Andre Benoit is hit by Will Acton and loses puck.
14:07 of 1st period - Snap shot by Jesse Winchester.
14:07 of 1st period - Shot Misses the Net.
14:09 of 1st period - Slapshot by Jonas Brodin.
14:09 of 1st period - Shot Misses the Net.
14:11 of 1st period - Slapshot by Brenden Dillon.
14:11 of 1st period - Deflect By Jesse Winchester.
14:11 of 1st period - Shot Misses the Net.
14:11 of 1st period - Puck is out of play.
14:12 of 1st period - Sidney Crosby wins face-off versus Zemgus Girgensons in Sabres zone.
14:26 of 1st period - Minor Penalty to Ryan Smyth for Elbowing.
14:27 of 1st period - Sidney Crosby wins face-off versus Zemgus Girgensons in Bruins zone.
15:17 of 1st period - Minor Penalty to Tyler Myers for Hooking.
15:18 of 1st period - Sidney Crosby wins face-off versus Matt Duchene in Sabres zone.
15:49 of 1st period - Snap shot by Marian Hossa.
15:49 of 1st period - Deflect By Matt Duchene.
15:49 of 1st period - Stopped by Evgeni Nabokov with a rebound.
16:20 of 1st period - Alec Martinez is hit by Jeff Petry and loses puck.
16:26 of 1st period - Penalty to Ryan Smyth is over, Ryan Smyth is back on ice.
16:54 of 1st period - Snap shot by T.J. Oshie.
16:54 of 1st period - Shot Blocked by Marc-Andre Cliche.
16:56 of 1st period - Snap shot by Nick Holden.
16:56 of 1st period - Deflect By Jay Bouwmeester.
16:56 of 1st period - Stopped by Evgeni Nabokov with a rebound.
17:17 of 1st period - Penalty to Tyler Myers is over, Tyler Myers is back on ice.
17:24 of 1st period - Ryan O'Reilly is hit by Matt Stajan and loses puck.
17:47 of 1st period - Blake Wheeler is hit by Ryan Smyth and loses puck.
18:01 of 1st period - Wrist shot by Tommy Wingels.
18:01 of 1st period - Shot Misses the Net.
18:14 of 1st period - Minor Penalty to Sidney Crosby for Hooking.
18:15 of 1st period - Paul Stastny wins face-off versus Will Acton in Sabres zone.
19:09 of 1st period - Jay Bouwmeester is hit by Shea Weber.
Goals for this period are 0 for Bruins vs 1 for Sabres.
Shots for this period are 12 for Bruins vs 5 for Sabres.

2nd period


0:01 of 2nd period - Matt Duchene wins face-off versus Will Acton in neutral zone.
0:10 of 2nd period - Wrist shot by Matt Duchene.
0:10 of 2nd period - Stopped by Evgeni Nabokov with a rebound.
0:14 of 2nd period - Penalty to Sidney Crosby is over, Sidney Crosby is back on ice.
0:24 of 2nd period - Wrist shot by Steven Stamkos.
0:24 of 2nd period - Shot Blocked by Shea Weber.
0:54 of 2nd period - Jay Bouwmeester is hit by Nick Holden and loses puck.
1:16 of 2nd period - Slapshot by Paul Stastny.
1:16 of 2nd period - Stopped by Evgeni Nabokov with a rebound.
1:40 of 2nd period - Snap shot by Tommy Wingels.
1:40 of 2nd period - Stopped by Evgeni Nabokov with a rebound.
1:42 of 2nd period - Slapshot by Jonas Brodin.
1:42 of 2nd period - Shot Blocked by Alex Pietrangelo.
1:44 of 2nd period - Snap shot by Zemgus Girgensons.
1:44 of 2nd period - Shot Misses the Net.
1:46 of 2nd period - Wrist shot by Tommy Wingels.
1:46 of 2nd period - Stopped by Evgeni Nabokov without a rebound.
1:47 of 2nd period - Will Acton wins face-off versus Jesse Winchester in Sabres zone.
1:47 of 2nd period - Will Acton is hit by Tommy Wingels.
1:55 of 2nd period - Wrist shot by Tom Wilson.
1:55 of 2nd period - Shot Misses the Net.
1:57 of 2nd period - Snap shot by Andre Benoit.
1:57 of 2nd period - Deflect By Jesse Winchester.
1:57 of 2nd period - Shot Misses the Net.
1:57 of 2nd period - Puck is out of play.
1:58 of 2nd period - Jesse Winchester wins face-off versus Will Acton in Sabres zone.
2:08 of 2nd period - Wrist shot by Tommy Wingels.
2:08 of 2nd period - Shot Blocked by Stephane Robidas.
2:10 of 2nd period - Wrist shot by Radko Gudas.
2:10 of 2nd period - Shot Blocked by Alec Martinez.
2:12 of 2nd period - Backhand shot by Radko Gudas.
2:12 of 2nd period - Stopped by Evgeni Nabokov without a rebound.
2:13 of 2nd period - Matt Duchene wins face-off versus Sidney Crosby in Sabres zone.
3:11 of 2nd period - Paul Stastny is hit by Chris Higgins and loses puck.
3:44 of 2nd period - Snap shot by Daniel Paille.
3:44 of 2nd period - Stopped by Jonathan Quick with a rebound.
4:48 of 2nd period - Snap shot by Sidney Crosby.
4:48 of 2nd period - Shot Misses the Net.
5:27 of 2nd period - Wrist shot by Chris Higgins.
5:27 of 2nd period - Shot Misses the Net.
5:41 of 2nd period - Shea Weber is hit by Matt Stajan and loses puck.
6:18 of 2nd period - Snap shot by Henrik Zetterberg.
6:18 of 2nd period - Stopped by Jonathan Quick with a rebound.
6:56 of 2nd period - Snap shot by Daniel Paille.
6:56 of 2nd period - Shot Blocked by Brenden Dillon.
8:09 of 2nd period - Brooks Orpik is hit by Andre Benoit and loses puck.
8:34 of 2nd period - Snap shot by Tyler Myers.
8:34 of 2nd period - Shot Misses the Net.
8:57 of 2nd period - Dany Heatley is hit by Ryan Smyth and loses puck.
9:26 of 2nd period - Matt Stajan is hit by T.J. Oshie and loses puck.
10:17 of 2nd period - Off-side.
10:18 of 2nd period - Paul Stastny wins face-off versus Steven Stamkos in neutral zone.
10:45 of 2nd period - Zemgus Girgensons is hit by Blake Wheeler and loses puck.
11:26 of 2nd period - Brenden Dillon is hit by Sidney Crosby and loses puck.
11:37 of 2nd period - Snap shot by Marc-Andre Cliche.
11:37 of 2nd period - Shot Misses the Net.
12:11 of 2nd period - Wrist shot by Chris Higgins.
12:11 of 2nd period - Stopped by Jonathan Quick without a rebound.
12:12 of 2nd period - Matt Stajan wins face-off versus Tommy Wingels in Bruins zone.
12:21 of 2nd period - Stephane Robidas is hit by Tom Wilson and loses puck.
12:32 of 2nd period - Tommy Wingels is hit by Chris Higgins and loses puck.
12:55 of 2nd period - Off-side.
12:56 of 2nd period - Steven Stamkos wins face-off versus Matt Duchene in neutral zone.
13:39 of 2nd period - Slapshot by Tyler Myers.
13:39 of 2nd period - Shot Blocked by Zemgus Girgensons.
13:43 of 2nd period - Slapshot by Marc-Andre Cliche.
13:43 of 2nd period - Stopped by Jonathan Quick with a rebound.
13:45 of 2nd period - Slapshot by Jay Bouwmeester.
13:45 of 2nd period - Deflect By Zemgus Girgensons.
13:45 of 2nd period - Stopped by Jonathan Quick with a rebound.
14:05 of 2nd period - Steven Stamkos is hit by Radko Gudas.
14:14 of 2nd period - Wrist shot by Blake Wheeler.
14:14 of 2nd period - Deflect By Sidney Crosby.
14:14 of 2nd period - Stopped by Jonathan Quick without a rebound.
14:15 of 2nd period - Sidney Crosby wins face-off versus Matt Duchene in Bruins zone.
14:16 of 2nd period - Wrist shot by Steven Stamkos.
14:16 of 2nd period - Shot Misses the Net.
14:20 of 2nd period - Wrist shot by Sidney Crosby.
14:20 of 2nd period - Shot Blocked by Shea Weber.
14:47 of 2nd period - Snap shot by T.J. Oshie.
14:47 of 2nd period - Stopped by Evgeni Nabokov with a rebound.
14:49 of 2nd period - Snap shot by Jeff Petry.
14:49 of 2nd period - Deflect By Paul Stastny.
14:49 of 2nd period - Stopped by Evgeni Nabokov with a rebound.
14:51 of 2nd period - Backhand shot by Shea Weber.
14:51 of 2nd period - Deflect By T.J. Oshie.
14:51 of 2nd period - Shot Misses the Net.
14:51 of 2nd period - Puck is out of play.
14:52 of 2nd period - Paul Stastny wins face-off versus Will Acton in Sabres zone.
14:53 of 2nd period - Wrist shot by Valeri Nichushkin.
14:53 of 2nd period - Stopped by Evgeni Nabokov without a rebound.
14:54 of 2nd period - Will Acton wins face-off versus Paul Stastny in Sabres zone.
15:01 of 2nd period - Snap shot by T.J. Oshie.
15:01 of 2nd period - Stopped by Evgeni Nabokov with a rebound.
15:05 of 2nd period - Snap shot by T.J. Oshie.
15:05 of 2nd period - Stopped by Evgeni Nabokov without a rebound.
15:06 of 2nd period - Will Acton wins face-off versus Tommy Wingels in Sabres zone.
15:19 of 2nd period - Off-side.
15:20 of 2nd period - Sidney Crosby wins face-off versus Zemgus Girgensons in neutral zone.
15:31 of 2nd period - Jeff Petry is hit by Alex Pietrangelo and loses puck.
16:17 of 2nd period - Jonas Brodin is hit by Jay Bouwmeester and loses puck.
16:48 of 2nd period - Wrist shot by Chris Higgins.
16:48 of 2nd period - Stopped by Jonathan Quick without a rebound.
16:49 of 2nd period - Will Acton wins face-off versus Paul Stastny in Bruins zone.
16:50 of 2nd period - Wrist shot by Jay Bouwmeester.
16:50 of 2nd period - Shot Misses the Net.
16:52 of 2nd period - Snap shot by Jay Bouwmeester.
16:52 of 2nd period - Shot Misses the Net.
16:54 of 2nd period - Slapshot by Marc-Andre Cliche.
16:54 of 2nd period - Shot Misses the Net.
16:56 of 2nd period - Snap shot by Jay Bouwmeester.
16:56 of 2nd period - Shot Blocked by Radko Gudas.
17:00 of 2nd period - Wrist shot by Will Acton.
17:00 of 2nd period - Shot Blocked by Andre Benoit.
17:26 of 2nd period - Wrist shot by Alex Pietrangelo.
17:26 of 2nd period - Deflect By Will Acton.
17:26 of 2nd period - Shot Blocked by Radko Gudas.
17:26 of 2nd period - Puck is out of play.
17:27 of 2nd period - Steven Stamkos wins face-off versus Matt Duchene in Bruins zone.
17:34 of 2nd period - Slapshot by Henrik Zetterberg.
17:34 of 2nd period - Stopped by Jonathan Quick without a rebound.
17:35 of 2nd period - Matt Duchene wins face-off versus Steven Stamkos in Bruins zone.
17:40 of 2nd period - Wrist shot by Matt Duchene.
17:40 of 2nd period - Shot Misses the Net.
17:42 of 2nd period - Slapshot by Jeff Petry.
17:42 of 2nd period - Shot Misses the Net.
17:44 of 2nd period - Slapshot by Marian Hossa.
17:44 of 2nd period - Shot Blocked by Alex Pietrangelo.
17:46 of 2nd period - Slapshot by Shea Weber.
17:46 of 2nd period - Shot Blocked by Alex Pietrangelo.
17:48 of 2nd period - Slapshot by Ryan O'Reilly.
17:48 of 2nd period - Goal by Ryan O'Reilly - Bruins : 1 - Sabres : 1.
17:49 of 2nd period - Steven Stamkos wins face-off versus Matt Duchene in neutral zone.
18:04 of 2nd period - Snap shot by Henrik Zetterberg.
18:04 of 2nd period - Stopped by Jonathan Quick with a rebound.
18:06 of 2nd period - Snap shot by Dany Heatley.
18:06 of 2nd period - Shot Blocked by Shea Weber.
18:08 of 2nd period - Slapshot by Jay Bouwmeester.
18:08 of 2nd period - Shot Misses the Net.
18:10 of 2nd period - Snap shot by Henrik Zetterberg.
18:10 of 2nd period - Stopped by Jonathan Quick without a rebound.
18:11 of 2nd period - Paul Stastny wins face-off versus Sidney Crosby in Bruins zone.
18:24 of 2nd period - Wrist shot by T.J. Oshie.
18:24 of 2nd period - Stopped by Evgeni Nabokov with a rebound.
19:00 of 2nd period - Snap shot by Chris Higgins.
19:00 of 2nd period - Stopped by Jonathan Quick with a rebound.
19:02 of 2nd period - Wrist shot by Brooks Orpik.
19:02 of 2nd period - Stopped by Jonathan Quick without a rebound.
19:03 of 2nd period - Matt Stajan wins face-off versus Matt Duchene in Bruins zone.
19:06 of 2nd period - Slapshot by Jay Bouwmeester.
19:06 of 2nd period - Shot Blocked by Jeff Petry.
Goals for this period are 1 for Bruins vs 0 for Sabres.
Shots for this period are 12 for Bruins vs 12 for Sabres.

3rd period


0:01 of 3rd period - Matt Duchene wins face-off versus Steven Stamkos in neutral zone.
0:10 of 3rd period - Slapshot by Marian Hossa.
0:10 of 3rd period - Stopped by Evgeni Nabokov with a rebound.
0:16 of 3rd period - Snap shot by Matt Duchene.
0:16 of 3rd period - Shot Misses the Net.
0:18 of 3rd period - Backhand shot by Jeff Petry.
0:18 of 3rd period - Stopped by Evgeni Nabokov with a rebound.
0:20 of 3rd period - Slapshot by Jeff Petry.
0:20 of 3rd period - Deflect By Ryan O'Reilly.
0:20 of 3rd period - Shot Blocked by Dany Heatley.
0:20 of 3rd period - Puck is out of play.
0:21 of 3rd period - Sidney Crosby wins face-off versus Paul Stastny in Sabres zone.
0:34 of 3rd period - Slapshot by Sidney Crosby.
0:34 of 3rd period - Stopped by Jonathan Quick without a rebound.
0:35 of 3rd period - Paul Stastny wins face-off versus Sidney Crosby in Bruins zone.
0:44 of 3rd period - Alex Pietrangelo is hit by Paul Stastny and loses puck.
2:16 of 3rd period - Wrist shot by Daniel Paille.
2:16 of 3rd period - Stopped by Jonathan Quick without a rebound.
2:17 of 3rd period - Will Acton wins face-off versus Zemgus Girgensons in Bruins zone.
2:23 of 3rd period - Icing by Jeff Petry.
2:24 of 3rd period - Steven Stamkos wins face-off versus Zemgus Girgensons in Bruins zone.
2:50 of 3rd period - Snap shot by Zemgus Girgensons.
2:50 of 3rd period - Stopped by Evgeni Nabokov with a rebound.
2:52 of 3rd period - Slapshot by Shea Weber.
2:52 of 3rd period - Stopped by Evgeni Nabokov with a rebound.
2:56 of 3rd period - Snap shot by Ryan Smyth.
2:56 of 3rd period - Stopped by Evgeni Nabokov without a rebound.
2:57 of 3rd period - Paul Stastny wins face-off versus Sidney Crosby in Sabres zone.
3:20 of 3rd period - Slapshot by Sidney Crosby.
3:20 of 3rd period - Shot Misses the Net.
3:44 of 3rd period - Snap shot by Jay Bouwmeester.
3:44 of 3rd period - Stopped by Jonathan Quick with a rebound.
3:55 of 3rd period - Alec Martinez is hit by Brenden Dillon and loses puck.
4:08 of 3rd period - Matt Stajan is hit by Jonas Brodin and loses puck.
4:40 of 3rd period - Tyler Myers is hit by Ryan Smyth and loses puck.
4:45 of 3rd period - Wrist shot by Zemgus Girgensons.
4:45 of 3rd period - Stopped by Evgeni Nabokov with a rebound.
4:47 of 3rd period - Wrist shot by Zemgus Girgensons.
4:47 of 3rd period - Stopped by Evgeni Nabokov with a rebound.
4:49 of 3rd period - Wrist shot by Zemgus Girgensons.
4:49 of 3rd period - Shot Misses the Net.
4:53 of 3rd period - Slapshot by Shea Weber.
4:53 of 3rd period - Shot Blocked by Marc-Andre Cliche.
4:57 of 3rd period - Wrist shot by Ryan Smyth.
4:57 of 3rd period - Stopped by Evgeni Nabokov without a rebound.
4:58 of 3rd period - Sidney Crosby wins face-off versus Paul Stastny in Sabres zone.
6:06 of 3rd period - Wrist shot by Matt Duchene.
6:06 of 3rd period - Stopped by Evgeni Nabokov without a rebound.
6:07 of 3rd period - Matt Duchene wins face-off versus Matt Stajan in Sabres zone.
6:54 of 3rd period - Slapshot by Nick Holden.
6:54 of 3rd period - Shot Blocked by Alex Pietrangelo.
7:02 of 3rd period - Tommy Wingels is hit by Will Acton and loses puck.
7:33 of 3rd period - Will Acton is hit by Tom Wilson and loses puck.
9:14 of 3rd period - Tommy Wingels is hit by Dwight King and loses puck.
9:23 of 3rd period - Wrist shot by Tommy Wingels.
9:23 of 3rd period - Stopped by Evgeni Nabokov with a rebound.
9:25 of 3rd period - Slapshot by Tommy Wingels.
9:25 of 3rd period - Deflect By Jesse Winchester.
9:25 of 3rd period - Shot Misses the Net.
9:25 of 3rd period - Puck is out of play.
9:26 of 3rd period - Blake Wheeler wins face-off versus Jesse Winchester in Sabres zone.
9:36 of 3rd period - Icing by Brenden Dillon.
9:37 of 3rd period - Sidney Crosby wins face-off versus Jesse Winchester in Bruins zone.
9:38 of 3rd period - Wrist shot by Henrik Zetterberg.
9:38 of 3rd period - Shot Blocked by Tom Wilson.
9:40 of 3rd period - Wrist shot by Henrik Zetterberg.
9:40 of 3rd period - Shot Blocked by Brenden Dillon.
9:42 of 3rd period - Snap shot by Alex Pietrangelo.
9:42 of 3rd period - Shot Misses the Net.
9:44 of 3rd period - Slapshot by Brooks Orpik.
9:44 of 3rd period - Shot Blocked by Brenden Dillon.
9:46 of 3rd period - Slapshot by Alex Pietrangelo.
9:46 of 3rd period - Stopped by Jonathan Quick with a rebound.
11:50 of 3rd period - Slapshot by Ryan Smyth.
11:50 of 3rd period - Stopped by Evgeni Nabokov with a rebound.
12:18 of 3rd period - Minor Penalty to Alec Martinez for Holding.
12:19 of 3rd period - Paul Stastny wins face-off versus Matt Stajan in Sabres zone.
12:38 of 3rd period - Wrist shot by Paul Stastny.
12:38 of 3rd period - Stopped by Evgeni Nabokov with a rebound.
12:40 of 3rd period - Snap shot by Shea Weber.
12:40 of 3rd period - Shot Blocked by Jay Bouwmeester.
14:14 of 3rd period - Snap shot by Valeri Nichushkin.
14:14 of 3rd period - Deflect By Paul Stastny.
14:14 of 3rd period - Shot Misses the Net.
14:14 of 3rd period - Puck is out of play.
14:15 of 3rd period - Paul Stastny wins face-off versus Will Acton in Sabres zone.
14:18 of 3rd period - Penalty to Alec Martinez is over, Alec Martinez is back on ice.
14:40 of 3rd period - Wrist shot by Tommy Wingels.
14:40 of 3rd period - Stopped by Evgeni Nabokov without a rebound.
14:41 of 3rd period - Steven Stamkos wins face-off versus Ryan Smyth in Sabres zone.
14:52 of 3rd period - Steven Stamkos is hit by Brenden Dillon and loses puck.
15:33 of 3rd period - Alex Pietrangelo is hit by Marian Hossa and loses puck.
15:55 of 3rd period - Snap shot by Jesse Winchester.
15:55 of 3rd period - Shot Misses the Net.
15:57 of 3rd period - Slapshot by Radko Gudas.
15:57 of 3rd period - Deflect By Jesse Winchester.
15:57 of 3rd period - Stopped by Evgeni Nabokov without a rebound.
15:58 of 3rd period - Jesse Winchester wins face-off versus Sidney Crosby in Sabres zone.
16:11 of 3rd period - Wrist shot by Sidney Crosby.
16:11 of 3rd period - Shot Misses the Net.
16:41 of 3rd period - Andre Benoit is hit by Matt Stajan.
16:49 of 3rd period - Valeri Nichushkin is hit by Matt Stajan.
17:55 of 3rd period - Slapshot by Alec Martinez.
17:55 of 3rd period - Stopped by Jonathan Quick with a rebound.
17:57 of 3rd period - Wrist shot by Daniel Paille.
17:57 of 3rd period - Stopped by Jonathan Quick with a rebound.
17:59 of 3rd period - Slapshot by Alec Martinez.
17:59 of 3rd period - Stopped by Jonathan Quick with a rebound.
18:01 of 3rd period - Wrist shot by Marc-Andre Cliche.
18:01 of 3rd period - Shot Misses the Net.
19:00 of 3rd period - Tyler Myers is hit by Paul Stastny and loses puck.
19:07 of 3rd period - Dwight King is hit by Valeri Nichushkin and loses puck.
19:14 of 3rd period - Wrist shot by T.J. Oshie.
19:14 of 3rd period - Shot Hit the Post.
19:16 of 3rd period - Slapshot by Shea Weber.
19:16 of 3rd period - Stopped by Evgeni Nabokov without a rebound.
19:17 of 3rd period - Paul Stastny wins face-off versus Sidney Crosby in Sabres zone.
19:42 of 3rd period - Minor Penalty to Sidney Crosby for Holding.
19:43 of 3rd period - Will Acton wins face-off versus Matt Duchene in Sabres zone.
Goals for this period are 0 for Bruins vs 0 for Sabres.
Shots for this period are 15 for Bruins vs 7 for Sabres.

Overtime #1


0:01 of 1st overtime period - Matt Duchene wins face-off versus Matt Stajan in neutral zone.
0:08 of 1st overtime period - Snap shot by Matt Duchene.
0:08 of 1st overtime period - Stopped by Evgeni Nabokov without a rebound.
0:09 of 1st overtime period - Matt Duchene wins face-off versus Matt Stajan in Sabres zone.
0:26 of 1st overtime period - Wrist shot by Matt Duchene.
0:26 of 1st overtime period - Stopped by Evgeni Nabokov with a rebound.
0:38 of 1st overtime period - Slapshot by Matt Duchene.
0:38 of 1st overtime period - Stopped by Evgeni Nabokov with a rebound.
0:56 of 1st overtime period - Wrist shot by Brooks Orpik.
0:56 of 1st overtime period - Shot Misses the Net.
1:29 of 1st overtime period - Snap shot by Matt Stajan.
1:29 of 1st overtime period - Stopped by Jonathan Quick without a rebound.
1:30 of 1st overtime period - Matt Duchene wins face-off versus Will Acton in Bruins zone.
1:42 of 1st overtime period - Penalty to Sidney Crosby is over, Sidney Crosby is back on ice.
1:43 of 1st overtime period - Wrist shot by Sidney Crosby.
1:43 of 1st overtime period - Shot Blocked by Jonas Brodin.
2:15 of 1st overtime period - Snap shot by Valeri Nichushkin.
2:15 of 1st overtime period - Stopped by Evgeni Nabokov with a rebound.
3:34 of 1st overtime period - Wrist shot by T.J. Oshie.
3:34 of 1st overtime period - Deflect By Paul Stastny.
3:34 of 1st overtime period - Shot Misses the Net.
3:34 of 1st overtime period - Puck is out of play.
3:35 of 1st overtime period - Sidney Crosby wins face-off versus Valeri Nichushkin in Sabres zone.
4:10 of 1st overtime period - Wrist shot by Marian Hossa.
4:10 of 1st overtime period - Stopped by Evgeni Nabokov without a rebound.
4:11 of 1st overtime period - Steven Stamkos wins face-off versus Matt Duchene in Sabres zone.
4:18 of 1st overtime period - Brenden Dillon is hit by Jay Bouwmeester and loses puck.
4:35 of 1st overtime period - Snap shot by Sidney Crosby.
4:35 of 1st overtime period - Shot Misses the Net.
4:37 of 1st overtime period - Snap shot by Alec Martinez.
4:37 of 1st overtime period - Stopped by Jonathan Quick with a rebound.
4:57 of 1st overtime period - Slapshot by Jay Bouwmeester.
4:57 of 1st overtime period - Stopped by Jonathan Quick with a rebound.
4:59 of 1st overtime period - Wrist shot by Jay Bouwmeester.
4:59 of 1st overtime period - Stopped by Jonathan Quick with a rebound.
Goals for this period are 0 for Bruins vs 0 for Sabres.
Shots for this period are 5 for Bruins vs 4 for Sabres.

ShootOut


5:00 of 1st overtime period - Penalty Shot by T.J. Oshie for Bruins.
5:00 of 1st overtime period - Wrist shot by T.J. Oshie.
5:00 of 1st overtime period - Shot Misses the Net.
5:00 of 1st overtime period - Penalty Shot by Steven Stamkos for Sabres.
5:00 of 1st overtime period - Wrist shot by Steven Stamkos.
5:00 of 1st overtime period - Stopped by Jonathan Quick.
5:00 of 1st overtime period - Penalty Shot by Ryan O'Reilly for Bruins.
5:00 of 1st overtime period - Snap shot by Ryan O'Reilly.
5:00 of 1st overtime period - Stopped by Evgeni Nabokov.
5:00 of 1st overtime period - Penalty Shot by Sidney Crosby for Sabres.
5:00 of 1st overtime period - Snap shot by Sidney Crosby.
5:00 of 1st overtime period - Shot Misses the Net.
5:00 of 1st overtime period - Penalty Shot by Matt Duchene for Bruins.
5:00 of 1st overtime period - Snap shot by Matt Duchene.
5:00 of 1st overtime period - Shot Misses the Net.
5:00 of 1st overtime period - Penalty Shot by Blake Wheeler for Sabres.
5:00 of 1st overtime period - Backhand shot by Blake Wheeler.
5:00 of 1st overtime period - Shot Misses the Net.
5:00 of 1st overtime period - Penalty Shot by Ryan Smyth for Bruins.
5:00 of 1st overtime period - Backhand shot by Ryan Smyth.
5:00 of 1st overtime period - Stopped by Evgeni Nabokov.
5:00 of 1st overtime period - Penalty Shot by Chris Higgins for Sabres.
5:00 of 1st overtime period - Backhand shot by Chris Higgins.
5:00 of 1st overtime period - Stopped by Jonathan Quick.
5:00 of 1st overtime period - Penalty Shot by Valeri Nichushkin for Bruins.
5:00 of 1st overtime period - Deke by Valeri Nichushkin.
5:00 of 1st overtime period - Stopped by Evgeni Nabokov.
5:00 of 1st overtime period - Penalty Shot by Henrik Zetterberg for Sabres.
5:00 of 1st overtime period - Deke by Henrik Zetterberg.
5:00 of 1st overtime period - Stopped by Jonathan Quick.
5:00 of 1st overtime period - Penalty Shot by Jesse Winchester for Bruins.
5:00 of 1st overtime period - Snap shot by Jesse Winchester.
5:00 of 1st overtime period - Stopped by Evgeni Nabokov.
5:00 of 1st overtime period - Penalty Shot by Alec Martinez for Sabres.
5:00 of 1st overtime period - Backhand shot by Alec Martinez.
5:00 of 1st overtime period - Goal by Alec Martinez.


Output by the SimonT Hockey Simulator (STHS) for Eric Dolegowski -- Original Page W3C XHTML 1.0 Valid
Hockey Simulator - Hockey Simulation - Hockey Manager